 Dungeon Crawl Stone Soup version 0.26-a0-259-g1effd001a9 (webtiles) character file.

Game seed: 14730883398109584875

227 Icebird the Insei (level 5, -4/40 HPs)
             Began as a Draconian Transmuter on July 28, 2020.
             Killed by nerve-wracking pain
             ... invoked by Grinder
              (10 damage)
             ... on level 4 of the Dungeon.
             The game lasted 00:17:07 (4293 turns).

Icebird the Insei (Draconian Transmuter)            Turns: 4293, Time: 00:17:07

Health: -4/40      AC:  5    Str: 12    XL:     5   Next: 70%
Magic:  4/9        EV: 13    Int: 13    God:
Gold:   132        SH:  0    Dex: 13    Spells: 2/10 levels left

rFire    . . .     SeeInvis .     - Unarmed
rCold    . . .     Faith    .   (no shield)
rNeg     . . .     Spirit   .   (armour unavailable)
rPois    .         Reflect  .   (helmet restricted)
rElec    .         Harm     .   (no cloak)
rCorr    .                      (no gloves)
MR       .....                  (no boots)
Stlth    +.........             (no amulet)
HPRegen  0.13/turn              (no ring)
MPRegen  0.11/turn              (no ring)

@: no status effects
A: unfitting armour, cold-blooded, AC +5
a: no special abilities


You were on level 4 of the Dungeon.
You were not hungry.

You visited 1 branch of the dungeon, and saw 4 of its levels.

You collected 132 gold pieces.

Inventory:

Hand Weapons
 l - a +2 vampiric dagger
Missiles
 a - 3 arrows
 b - 105 stones
 d - 36 bolts
 h - 53 sling bullets
 k - 22 poisoned darts (quivered)
Jewellery
 s - a +6 ring of dexterity {unknown}
Scrolls
 e - 2 scrolls of immolation {unknown}
 g - a scroll of magic mapping {unknown}
 i - 2 scrolls of identify {unknown}
 j - 3 scrolls of remove curse {unknown}
 m - 2 scrolls of enchant weapon {unknown}
 r - 4 scrolls of enchant armour {unknown}
Potions
 c - a potion of curing {unknown}
 f - a potion of heal wounds
 n - a potion of stabbing {unknown}
 p - a potion of experience {unknown}
 q - a potion of magic {unknown}
Comestibles
 o - 7 rations


   Skills:
 + Level 1.4 Fighting
 + Level 2.6 Dodging
 + Level 0.6 Stealth
 + Level 4.5 Unarmed Combat
 + Level 3.1 Spellcasting
 + Level 3.2 Transmutations


You had 2 spell levels left.
You knew the following spells:

 Your Spells              Type           Power        Failure   Level
a - Beastly Appendage     Tmut           ##....       6%          1
b - Sticks to Snakes      Tmut           ##......     9%          2
c - Blade Hands           Tmut           ##........   86%         5

Your spell library contained the following spells:

 Spells                   Type           Power        Failure   Level
 Spider Form              Tmut/Pois      #.........   34%         3
 Ice Form                 Ice/Tmut       #.......     75%         4


Dungeon Overview and Level Annotations

Branches:
Dungeon (4/15)
 Temple: D:4-7

Altars:
Trog

Annotations:
D:4 Grinder


Innate Abilities, Weirdness & Mutations

Your plain brown scales are hard. (AC +5)
You cannot fit into any form of body armour.
You are cold-blooded and may be slowed by cold attacks.


Message History

Your ball python dies!
You see here a giant cockroach corpse.
Casting: Sticks to Snakes (safe; 9% risk of failure)
Confirm with . or Enter, or press ? or * to list all spells.
You create a snake!
You now have 4 arrows.
Grinder gestures at you. Pain shoots through your body!
* * * LOW HITPOINT WARNING * * *
Grinder blinks!
You swap places.
Casting: Sticks to Snakes (safe; 9% risk of failure)
Confirm with . or Enter, or press ? or * to list all spells.
You create a snake!
You now have 3 arrows.
Found an escape hatch in the floor.
Your horns disappear.
o - 7 rations (gained 2) Grinder says, "What is the universe for?"
Grinder gestures at you. Pain shoots through your body!
You die...

#.# ### ######.# ....
#....#.# #.> #....#.. ...
#....#.# #.# # #....#.# #.#
.# #####....#.###.##.#
........@†5......#
#.##....#S###..#.#
#.^#....#S###..#.#..
##.#######.######............
.......<.............>......#
##...........................
#.######.#.#.##....##.#.#...
#.#...##....# .#.#..#
...#..##.......... .#


You could see Grinder and 2 friendly ball pythons.

Vanquished Creatures
  An orc priest (D:3)
  4 gnolls (D:3)
  3 adders (D:3)
  An ooze (D:2)
  2 worms
  3 dart slugs
  3 leopard geckos
  6 orcs (D:3)
  9 bats
  6 giant cockroaches
  12 goblins
  5 hobgoblins
  2 jackals (D:2)
  8 kobolds
  3 quokkas (D:3)
  2 ball pythons
  8 frilled lizards
  9 rats
87 creatures vanquished.

Vanquished Creatures (collateral kills)
  Terence (D:2)
  An adder (D:2)
  An orc (D:3)
3 creatures vanquished.

Grand Total: 90 creatures vanquished

Notes
Turn   | Place    | Note
-------+----------+-------------------------------------------
     0 | D:1      | Icebird the Draconian Transmuter began the quest for the
                  | Orb.
     0 | D:1      | Reached XP level 1. HP: 16/16 MP: 3/3
   225 | D:1      | Reached XP level 2. HP: 20/23 MP: 5/5
  1124 | D:1      | Reached XP level 3. HP: 24/28 MP: 4/6
  1128 | D:1      | Learned a level 2 spell: Sticks to Snakes
  1608 | D:2      | Found a bloodstained altar of Trog.
  1608 | D:2      | Noticed Terence
  1622 | D:2      | Killed Terence
  2054 | D:2      | Reached XP level 4. HP: 33/35 MP: 7/7
  2560 | D:3      | Reached skill level 4 in Unarmed Combat
  2572 | D:3      | Reached XP level 5. HP: 13/40 MP: 2/9
  4247 | D:4      | Learned a level 5 spell: Blade Hands
  4257 | D:4      | Noticed Grinder
  4293 | D:4      | Killed from afar by Grinder

Illustrated notes

Levels and vault maps discovered:
D:1:      scummos_arrival_simple_crosswalls, layout_basic,
          roderic_roman_lattice, kennysheep_minor_cross
D:2:      minmay_skewed_foursquare, layout_basic, bloody_trog, uniq_terence
D:3:      layout_basic
D:4:      layout_basic, lemuel_doored_altar, first_ration, uniq_grinder

Skill      XL: |  1  2  3  4  5 |
---------------+----------------+-----
Dodging        | 2 |  2.6
Unarmed Combat | 4 |  4.5
Transmutations | 3 |  3.2
Spellcasting   | 3 |  3.1
Fighting       | |  1.4
Stealth        | |  0.6

Action                   |  1- 3 |  4- 6 || total
-------------------------+-------+-------++-------
Melee: Unarmed           |   124 |   159 ||   283
       Tailslap          |    11 |    12 ||    23
       Headbutt          |     7 |    13 ||    20
       Punch             |     2 |     3 ||     5
       Kick              |     4 |    14 ||    18
 Cast: Beastly Appendage |    21 |    30 ||    51
       Sticks to Snakes  |     3 |     6 ||     9
  Use: Potion            |       |     1 ||     1
 Stab: Sleeping          |       |     2 ||     2
  Eat: Ration            |     1 |     2 ||     3
Armor: Skin              |    36 |    32 ||    68
Dodge: Dodged            |    71 |    98 ||   169

Table legend:
 A = Non-vault XP
 B = Vault XP
 C = Vault XP percentage of total XP
 D = Non-vault monster count
 E = Vault monster count
 F = Vault count percentage of total count
                 A         B        C        D         E       F
            +---------+---------+-------+---------+---------+-------
      Total |     295 |      30 |   9.2 |      82 |       8 |   8.9
            +---------+---------+-------+---------+---------+-------
        D:1 |      45 |       0 |   0.0 |      26 |       0 |   0.0
        D:2 |      46 |      30 |  39.5 |      16 |       8 |  33.3
        D:3 |     202 |       0 |   0.0 |      39 |       0 |   0.0
        D:4 |       2 |       0 |   0.0 |       1 |       0 |   0.0
            +---------+---------+-------+---------+---------+-------
